 Dungeon Crawl Stone Soup version 0.22-a0-617-g6d95e9e505 (webtiles) character file.

100 Kholdaimon the Charmwright (level 4, -2/57 HPs)
             Began as a Gnoll Skald on July 12, 2018.
             Slain by a goblin
             ... wielding a +2 dagger of draining
             ... led by Robin
              (6 damage)
             ... on level 2 of the Dungeon.
             The game lasted 00:06:30 (1241 turns).

Kholdaimon the Charmwright (Gnoll Skald)            Turns: 1241, Time: 00:06:31

Health: -2/57      AC:  3    Str: 18    XL:     4   Next: 73%
Magic:  0/11       EV: 13    Int: 16    God:
Gold:   118        SH:  0    Dex: 15    Spells: 12/13 levels left

rFire    . . .     SeeInvis .   a - +0 hand axe
rCold    . . .     Gourm    .   (no shield)
rNeg     . . .     Faith    .   b - +0 leather armour
rPois    .         Spirit   .   (no helmet)
rElec    .         Reflect  .   (no cloak)
rCorr    .         Harm     .   (no gloves)
MR       .....                  (no boots)
Stlth    ..........             (no amulet)
HPRegen  0.19/turn              (no ring)
MPRegen  0.12/turn              (no ring)

@: berserking, infused, drained, very quick
A: distributed training, fangs 1, strong nose
a: no special abilities


You were on level 2 of the Dungeon.
You were not hungry.

You visited 1 branch of the dungeon, and saw 2 of its levels.

You collected 118 gold pieces.

Inventory:

Hand Weapons
 a - a +0 hand axe (weapon)
 t - a +0 trident
Missiles
 g - 77 stones (quivered)
 h - 20 bolts
Armour
 b - a +0 leather armour (worn)
 e - a +0 ring mail
 j - a +0 ring mail
 s - a +0 chain mail
 u - a +0 scale mail
Jewellery
 i - an uncursed amulet of magic regeneration {unknown}
Wands
 o - a wand of paralysis (15)
Scrolls
 c - a scroll of teleportation
 f - a scroll of fog {unknown}
 n - a scroll of remove curse {unknown}
Potions
 l - a potion of curing {unknown}
 m - a potion of haste {unknown}
 p - a potion of degeneration {unknown}
 q - a potion of lignification {unknown}
Comestibles
 d - 4 rations
 r - 3 chunks of flesh


   Skills:
 + Level 4.6(3.6) Fighting
 + Level 1.2(0.2) Short Blades
 + Level 1.2(0.2) Long Blades
 + Level 4.6(3.6) Axes
 + Level 1.2(0.2) Maces & Flails
 + Level 1.2(0.2) Polearms
 + Level 1.2(0.2) Staves
 + Level 1.2(0.2) Slings
 + Level 1.2(0.2) Bows
 + Level 1.2(0.2) Crossbows
 + Level 1.2(0.2) Throwing
 + Level 2.8(1.8) Armour
 + Level 4.6(3.6) Dodging
 + Level 1.2(0.2) Stealth
 + Level 1.2(0.2) Shields
 + Level 1.2(0.2) Unarmed Combat
 + Level 5.1(4.0) Spellcasting
 + Level 1.0(0.0) Conjurations
 + Level 1.0(0.0) Hexes
 + Level 5.5(4.4) Charms
 + Level 1.0(0.0) Summonings
 + Level 1.0(0.0) Necromancy
 + Level 1.0(0.0) Translocations
 + Level 1.0(0.0) Transmutations
 + Level 1.0(0.0) Fire Magic
 + Level 1.0(0.0) Ice Magic
 + Level 1.0(0.0) Air Magic
 + Level 1.0(0.0) Earth Magic
 + Level 1.0(0.0) Poison Magic
 + Level 1.3(0.4) Invocations
 + Level 1.2(0.2) Evocations


You had 12 spell levels left.
You knew the following spells:

 Your Spells              Type           Power        Failure   Level  Hunger
a - Infusion              Chrm           ###.         3%          1    None

Your spell library contained the following spells:

 Spells                   Type           Power        Failure   Level  Hunger
 Regeneration             Chrm/Necr      ##........   24%         3    ###....
 Shroud of Golubria       Chrm/Tloc      ##........   12%         2    ##.....
 Song of Slaying          Chrm           ###.....     4%          2    ##.....
 Spectral Weapon          Hex/Chrm       ##......     24%         3    ###....


Dungeon Overview and Level Annotations

Branches:
Dungeon (2/15)

Altars:
Dithmenos

Annotations:
D:2 Robin


Innate Abilities, Weirdness & Mutations

Your experience applies equally to all skills.
You have very sharp teeth.
Your uncanny sense of smell can sniff out nearby items.


Message History

The jackal bites you but does no damage.
The goblin misses you.
You hit the goblin.
The goblin is severely wounded.
You hit the jackal.
You kill the jackal!
Robin barely misses you.
The goblin hits you with a dagger of draining.
* * * LOW HITPOINT WARNING * * *
You feel drained.
* * * LOW HITPOINT WARNING * * *
The jackal closely misses you.
Robin says, "Bow before me, strongest of all the hobgoblins!"
Robin hits you from afar with a spear.
* * * LOW HITPOINT WARNING * * *
It was a potion of berserk rage.
A red film seems to cover your vision as you go berserk!
You feel yourself moving faster!
You feel mighty!
The goblin hits you with a dagger of draining.
You die...

****,*,***********####***########
*,*,*,,,,,..,,,,...####.......
*,*,*,*,,,..*****#........####
*,*,*,*,*,#.* #..###.#.#*,,
*,*,*,,,,,#.* #......#.#*,*
****,*,***,*,#.* ##.##..#.#*,*
,,,,,*,,,,,*,#.* #.##..#..,,,
***,,,,,...#.#g#######.##..###***
,,,,,,,,.....(gh@g)...>....#,,,,*
,**,,,,,...#.#.#####.#.##.....,,*
,**,,,,,,,,*,#.* #.#.#.....#***
,*********,,,#.* #.#.#.#....,,,
,* *,,,,,,#.* ###.#.#,***##***
,******,,,,,,#.* #.....#,,,,,,,,,
,,,,,**,,,,,,#.* #...###*########
,,,,,*****,**#.* #...# #.......
,,,,,,,,,,,***,* #...# #†######


You could see Robin, a jackal, a hobgoblin and a goblin.

Vanquished Creatures
  Terence (D:2)
  An adder (D:2)
  2 oozes
  2 dart slugs (D:1)
  A leopard gecko (D:1)
  3 giant cockroaches (D:1)
  11 goblins
  6 hobgoblins
  4 jackals
  4 kobolds
  A quokka (D:2)
  2 ball pythons (D:1)
  A bat (D:1)
  4 frilled lizards
  6 rats
49 creatures vanquished.

Notes
Turn   | Place    | Note
-------+----------+-------------------------------------------
     0 | D:1      | Kholdaimon the Gnoll Skald began the quest for the Orb.
     0 | D:1      | Reached XP level 1. HP: 20/20 MP: 6/6
    66 | D:1      | Reached XP level 2. HP: 23/26 MP: 7/7
   346 | D:1      | Reached XP level 3. HP: 29/31 MP: 9/9
   418 | D:1      | Reached skill level 5 in Spellcasting
   699 | D:2      | Found a shadowy altar of Dithmenos.
   718 | D:2      | Reached skill level 1 in Invocations
   894 | D:2      | Reached skill level 1 in Short Blades
   894 | D:2      | Reached skill level 1 in Long Blades
   894 | D:2      | Reached skill level 1 in Maces & Flails
   894 | D:2      | Reached skill level 1 in Polearms
   894 | D:2      | Reached skill level 1 in Staves
   894 | D:2      | Reached skill level 1 in Slings
   894 | D:2      | Reached skill level 1 in Bows
   894 | D:2      | Reached skill level 1 in Crossbows
   894 | D:2      | Reached skill level 1 in Throwing
   894 | D:2      | Reached skill level 1 in Stealth
   894 | D:2      | Reached skill level 1 in Shields
   894 | D:2      | Reached skill level 1 in Unarmed Combat
   894 | D:2      | Reached skill level 1 in Evocations
   894 | D:2      | Reached XP level 4. HP: 12/38 MP: 3/11
  1180 | D:2      | Noticed Terence
  1198 | D:2      | Killed Terence
  1223 | D:2      | Noticed Robin
  1230 | D:2      | Reached skill level 1 in Conjurations
  1230 | D:2      | Reached skill level 1 in Hexes
  1230 | D:2      | Reached skill level 1 in Summonings
  1230 | D:2      | Reached skill level 1 in Necromancy
  1230 | D:2      | Reached skill level 1 in Translocations
  1230 | D:2      | Reached skill level 1 in Transmutations
  1230 | D:2      | Reached skill level 1 in Fire Magic
  1230 | D:2      | Reached skill level 1 in Ice Magic
  1230 | D:2      | Reached skill level 1 in Air Magic
  1230 | D:2      | Reached skill level 1 in Earth Magic
  1230 | D:2      | Reached skill level 1 in Poison Magic
  1241 | D:2      | Slain by a goblin

Vault maps used:
D:1:      minmay_arrival_wavy_path
D:2:      nicolae_dithmenos_shadow_blocks, uniq_terence, uniq_sigmund,
          uniq_robin

Skill      XL: |  1  2  3  4 |
---------------+-------------+-----
Spellcasting   | 5 |  5.1
Invocations    | 1 |  1.3
Short Blades   | 1 |  1.2
Long Blades    | 1 |  1.2
Maces & Flails | 1 |  1.2
Polearms       | 1 |  1.2
Staves         | 1 |  1.2
Slings         | 1 |  1.2
Bows           | 1 |  1.2
Crossbows      | 1 |  1.2
Throwing       | 1 |  1.2
Stealth        | 1 |  1.2
Shields        | 1 |  1.2
Unarmed Combat | 1 |  1.2
Evocations     | 1 |  1.2
Conjurations   | 1 |  1.0
Hexes          | 1 |  1.0
Summonings     | 1 |  1.0
Necromancy     | 1 |  1.0
Translocations | 1 |  1.0
Transmutations | 1 |  1.0
Fire Magic     | 1 |  1.0
Ice Magic      | 1 |  1.0
Air Magic      | 1 |  1.0
Earth Magic    | 1 |  1.0
Poison Magic   | 1 |  1.0
Fighting       | |  4.6
Axes           | |  4.6
Armour         | |  2.8
Dodging        | |  4.6
Charms         | |  5.5

Action                   |  1- 3 |  4- 6 || total
-------------------------+-------+-------++-------
Melee: Hand axe          |   125 |    34 ||   159
       Bite              |     7 |     2 ||     9
Throw: Stone             |     1 |     3 ||     4
 Cast: Infusion          |     3 |     3 ||     6
  Use: Scroll            |       |     4 ||     4
       Potion            |       |     2 ||     2
 Stab: Sleeping          |     2 |       ||     2
       Distracted        |     1 |       ||     1
  Eat: Chunk             |       |     1 ||     1
Armor: Leather armour    |    29 |     5 ||    34
Dodge: Dodged            |    88 |    24 ||   112

Table legend:
 A = Spawn XP
 B = Non-spawn XP
 C = Spawn XP percentage of total XP
 D = Spawn monster count
 E = Non-spawn monster count
 F = Spawn count percentage of total count
 G = Total turns spent on level
                    A         B        C        D         E        F      G
               +---------+---------+-------+---------+---------+-------+---------
         Total |       0 |     143 |   0.0 |       0 |      49 |   0.0 |  1241
               +---------+---------+-------+---------+---------+-------+---------
           D:1 |       0 |      55 |   0.0 |       0 |      28 |   0.0 |   684
           D:2 |       0 |      88 |   0.0 |       0 |      21 |   0.0 |   557
               +---------+---------+-------+---------+---------+-------+---------
